 Dungeon Crawl Stone Soup version 0.31.0-12-g77e489cdc1 (webtiles) character file.

Game seed: 9246387004322189442

11 Doomgape the Shield-Bearer (level 2, -1/19 HPs)
             Began as a Gargoyle Fighter on Feb 11, 2024.
             Slain by a ball python (2 damage)
             ... on level 1 of the Dungeon.
             The game lasted 00:00:39 (154 turns).

Doomgape the Shield-Bearer (Gargoyle Fighter)        Turns: 154, Time: 00:00:40

Health: -1/19      AC:  9    Str: 19    XL:     2   Next: 29%
Magic:  2/2        EV:  6    Int:  8    God:
Gold:   12         SH:  4    Dex:  9    Spells: 1/1 levels left

rFire   . . .        a - +0 flail
rCold   . . .        c - +0 buckler
rNeg    + . .        b - +0 scale mail
rPois   ∞            (no helmet)
rElec   +            (no cloak)
rCorr   .            (no gloves)
SInv    .            (no boots)
Will    .....        (no amulet) Stlth
                     (no ring)
HPRegen 0.23/turn    (no ring)
MPRegen 0.08/turn

%: no passive effects
@: constricted
A: sickness immunity, AC +2, negative energy resistance 1, electricity
resistance, torment resistance 1, petrification resistance
a: no special abilities


You were on level 1 of the Dungeon.
You visited 1 branch of the dungeon, and saw 1 of its levels.

You collected 12 gold pieces.

Inventory:

Hand Weapons
 a - a +0 flail (weapon)
Armour
 b - a +0 scale mail (worn)
 c - a +0 buckler (worn)
Potions
 d - a potion of might
 e - a potion of enlightenment {unknown}
 f - a potion of mutation {unknown}


   Skills:
 + Level 3.5 Fighting
 + Level 2.2 Maces & Flails
 + Level 3.5 Armour
 + Level 3.5 Shields


You had one spell level left.
You didn't know any spells.
Your spell library was empty.

Dungeon Overview and Level Annotations

Branches:
Dungeon (1/15)

Altars:


Innate Abilities, Weirdness & Mutations

You are immune to sickness and miasma.
Your stone body is resilient. (AC +2)
You are immune to poison.
You resist negative energy. (rN+)
You are resistant to electric shocks. (rElec)
You are resistant to unholy torment.
You are immune to petrification.


Message History

You barely miss the ball python. The ball python bites you.
The ball python constricts you. The goblin hits you with a +0 dagger.
The ball python bites you.
* * * LOW HITPOINT WARNING * * *
The ball python constricts you.
You barely miss the ball python. The goblin hits you but does no damage.
The ball python barely misses you. The ball python constricts you.
The goblin hits you but does no damage.
Unknown command.
You completely miss the ball python. You block the ball python's attack.
The ball python constricts you. The goblin hits you but does no damage.
The ball python bites you but does no damage.
The ball python constricts you.
You closely miss the ball python.
The ball python bites you but does no damage.
The ball python constricts you.
* * * LOW HITPOINT WARNING * * *
You block the goblin's attack.
Unknown command.
You thump the goblin!
You kill the goblin!
The ball python bites you.
* * * LOW HITPOINT WARNING * * *
The ball python constricts you. The ball python bites you.
* * * LOW HITPOINT WARNING * * *
The ball python constricts you.
You closely miss the ball python.
The ball python bites you but does no damage.
The ball python constricts you. The kobold hits you but does no damage.
Unknown command.
You barely miss the ball python.
The ball python bites you but does no damage.
The ball python constricts you. The ball python closely misses you.
The ball python constricts you.
* * * LOW HITPOINT WARNING * * *
The kobold closely misses you.
You closely miss the ball python. You block the ball python's attack.
The ball python constricts you. You block the kobold's attack.
The ball python bites you.
You die...

##.....## ###.....#
#...<...####.......#
#.......##.........#
##.....###.....###....
###+### #.....# #..##
#.# ##....# #..# ...##
#....# ..#
......####...# .#
........##@..#
#..###...S#K.#
#............#
..........####
....?.....#
.......)..#
..........#
...:......#
###........


You could see a ball python and a kobold.

Vanquished Creatures
  2 bats (D:1)
  2 endoplasms (D:1)
  4 goblins (D:1)
  A kobold (D:1)
9 creatures vanquished.

Notes
Turn   | Place    | Note
-------+----------+-------------------------------------------
     0 | D:1      | Doomgape the Gargoyle Fighter began the quest for the Orb.
     0 | D:1      | Reached XP level 1. HP: 14/14 MP: 1/1
    87 | D:1      | Reached XP level 2. HP: 19/19 MP: 2/2
   154 | D:1      | Slain by a ball python

Illustrated notes

Levels and vault maps discovered:
D:1:      onia_arrival_pentagram, layout_basic, serial_forest,
          infiniplex_forest_lined_corner, infiniplex_forest_lined_3,
          infiniplex_forest_clump_tiny, infiniplex_forest_zigzag_2,
          infiniplex_forest_end_3, infiniplex_forest_end_1

Action                     || total
---------------------------++-------
  Melee: Flail             ||    27
    Use: Scroll            ||     1
 Armour: Scale mail        ||    30
  Dodge: Dodged            ||    16
  Block: Buckler           ||     7
